 Dungeon Crawl Stone Soup version 0.22.0-16-gc6d26f6 (webtiles) character file.

372 sking99 the Insei (level 6, -4/41 HPs)
             Began as an Octopode Transmuter on Aug 17, 2018.
             Splashed by a jelly's acid (8 damage)
             ... on level 5 of the Dungeon.
             The game lasted 00:07:58 (5968 turns).

sking99 the Insei (Octopode Transmuter)             Turns: 5968, Time: 00:07:58

Health: -4/41      AC: -7    Str: 10    XL:     6   Next: 71%
Magic:  7/10       EV: 14    Int: 15    God:
Gold:   189        SH:  0    Dex: 14    Spells: 5/11 levels left

rFire    . . .     SeeInvis .     - Unarmed
rCold    . . .     Gourm    .   (no shield)
rNeg     . . .     Faith    .   (helmet restricted)
rPois    .         Spirit   .   t - amulet of the acrobat
rElec    .         Reflect  .   (no ring)
rCorr    .         Harm     .   (no ring)
MR       .....                  (no ring)
Stlth    ++........             (no ring)
HPRegen  0.13/turn              (no ring)
MPRegen  0.12/turn              (no ring)
                                (no ring)
                                (no ring)

@: corroded, very slightly contaminated
A: almost no armour, stealthy swim, amphibious, 8 rings, constrict 8, camouflage
1, gelatinous body 1
a: no special abilities


You were on level 5 of the Dungeon.
You were very hungry.

You visited 1 branch of the dungeon, and saw 5 of its levels.

You collected 189 gold pieces.

Inventory:

Missiles
 a - 89 arrows
Jewellery
 e - a +1 ring of evasion {unknown}
 t - an amulet of the acrobat (around mantle)
Wands
 l - a wand of iceblast (12)
Scrolls
 b - a scroll of noise {unknown}
 d - a scroll of random uselessness {unknown}
 k - a scroll of identify
Potions
 f - 2 potions of curing {unknown}
 g - 2 potions of brilliance
 h - 3 potions of agility
 i - a potion of haste {unknown}
 j - a potion of flight {unknown}
 m - a potion of berserk rage {unknown}
 n - a potion of invisibility {unknown}
 o - a potion of heal wounds {unknown}
 r - a potion of ambrosia {unknown}
Comestibles
 c - 5 rations


   Skills:
 + Level 2.5 Fighting
 + Level 3.1 Dodging
 + Level 4.8 Unarmed Combat
 - Level 3.1 Spellcasting
 - Level 3.0 Transmutations
 - Level 2.0 Poison Magic


You had 5 spell levels left.
You knew the following spells:

 Your Spells              Type           Power        Failure   Level  Hunger
a - Beastly Appendage     Tmut           ##....       6%          1    #......
b - Sticks to Snakes      Tmut           ##......     9%          2    ##.....
c - Spider Form           Tmut/Pois      ##........   21%         3    ###....

Your spell library contained the following spells:

 Spells                   Type           Power        Failure   Level  Hunger
 Blade Hands              Tmut           ##........   85%         5    ######.
 Ice Form                 Ice/Tmut       #.......     71%         4    #####..


Dungeon Overview and Level Annotations

Branches:
Dungeon (5/15)
 Temple: D:4-7

Altars:
Dithmenos
Fedhas
Kikubaaqudgha
Nemelex Xobeh
Qazlal
Vehumet
Yredelemnul


Innate Abilities, Weirdness & Mutations

You cannot wear most types of armour.
You are very stealthy in the water. (Stealth+)
You are amphibious.
You can wear up to eight rings at the same time.
You can use your tentacles to constrict eight enemies at once.
Your skin changes colour to match your surroundings (Stealth+).
Your rubbery body absorbs attacks. (AC +1, EV +1)


Message History

The jelly hits you.
You are splashed with acid!
The acid burns!
* * * LOW HITPOINT WARNING * * *
You see here a quarterstaff.
Casting: Spider Form (safe; 21% risk of failure)
Confirm with . or Enter, or press ? or * to list all spells.
You miscast Spider Form.
You are very lightly contaminated with residual magic.
You feel odd. The jelly closely misses you.
You tentacle-slap the jelly.
Your tentacles burn!
* * * LOW HITPOINT WARNING * * *
The jelly is heavily wounded.
The jelly closely misses you.
You tentacle-slap the jelly but do no damage.
The acid corrodes you!
Your tentacles burn!
* * * LOW HITPOINT WARNING * * *
The jelly is heavily wounded.
The jelly hits you.
* * * LOW HITPOINT WARNING * * *
You are splashed with acid!
The acid burns!
You die...

#.. ####.. ....# ...#
..### #..## .....
#...## ....
##....###..#
#..@......####. .
##.J##..........
#...##...###.........
#.......# ##........
##.....## #........
##....# ##....)...
##...# ##.........
##..###...#.....#
######...#...####...#


You could see a jelly.

Vanquished Creatures
  A scorpion (D:4)
  2 orc wizards
  A worker ant (D:4)
  4 gnolls (D:3)
  8 adders
  6 oozes
  2 worms (D:2)
  2 dart slugs
  5 leopard geckos
  10 orcs
  7 giant cockroaches
  9 goblins
  6 hobgoblins
  3 kobolds
  A quokka (D:2)
  A ball python (D:4)
  15 bats
  6 frilled lizards
  5 rats
  A spectral orc (D:2)
  A plant (D:4)
96 creatures vanquished.

Notes
Turn   | Place    | Note
-------+----------+-------------------------------------------
     0 | D:1      | sking99 the Octopode Transmuter began the quest for the Orb.
     0 | D:1      | Reached XP level 1. HP: 13/13 MP: 3/3
    96 | D:1      | Reached XP level 2. HP: 17/18 MP: 5/5
   735 | D:1      | Reached skill level 4 in Unarmed Combat
   877 | D:1      | Reached XP level 3. HP: 19/23 MP: 6/6
   881 | D:1      | Learned a level 2 spell: Sticks to Snakes
   885 | D:1      | Learned a level 3 spell: Spider Form
  1338 | D:1      | Reached skill level 1 in Poison Magic
  1662 | D:2      | Reached XP level 4. HP: 20/28 MP: 3/7
  3101 | D:2      | Found a basalt altar of Yredelemnul.
  3188 | D:3      | Reached XP level 5. HP: 12/33 MP: 6/9
  3382 | D:3      | Found a shadowy altar of Dithmenos.
  3900 | D:3      | Found a sparkling altar of Nemelex Xobeh.
  3900 | D:3      | Found an ancient bone altar of Kikubaaqudgha.
  3900 | D:3      | Found a radiant altar of Vehumet.
  3901 | D:3      | Found a blossoming altar of Fedhas.
  4562 | D:4      | Reached XP level 6. HP: 38/39 MP: 4/10
  4698 | D:4      | Found the +7 Singing Sword
  5324 | D:4      | Found a stormy altar of Qazlal.
  5796 | D:5      | Entered Level 5 of the Dungeon
  5968 | D:5      | Splashed by a jelly's acid

Skill      XL: |  1  2  3  4  5  6 |
---------------+-------------------+-----
Unarmed Combat | 4 |  4.8
Poison Magic   | 1 2 |  2.0
Transmutations | 3 |  3.0
Spellcasting   | 3 |  3.1
Fighting       | 2 |  2.5
Dodging        | 3 |  3.1

Action                   |  1- 3 |  4- 6 || total
-------------------------+-------+-------++-------
Melee: Unarmed           |    91 |   196 ||   287
       Tentacles         |    16 |    31 ||    47
       Punch             |     4 |     4 ||     8
       Constrict         |    16 |    28 ||    44
       Kick              |     2 |       ||     2
 Cast: Beastly Appendage |     3 |       ||     3
       Spider Form       |     1 |     9 ||    10
  Use: Scroll            |       |     9 ||     9
 Stab: Sleeping          |     4 |    16 ||    20
       Distracted        |       |     1 ||     1
  Eat: Chunk             |     2 |    14 ||    16
Armor: Skin              |    13 |    13 ||    26
Dodge: Dodged            |    89 |   126 ||   215
